Map: Terrasses de Prion

Players

CoffeeDaemon - Winner!

  • Race: Zerg Zerg

pupu

  • Race: Protoss Protoss
  • League: Silver

VOD

Have the link to the VOD?

Description

Time

  • Played on: April 3, 2016, 3:50 p.m.
  • Length: 14:30
Show
View Real Time Build Order
Export as new Build Order

CoffeeDaemon Zerg - Winner!

Build Orders: Hatch First 

Get SALT Encoding   

  12  0:01  Drone  
  13  0:07  Drone  
  14  0:17  Overlord  
  14  0:35  Drone x3  
  17  0:46  Drone  
  18  0:54  Extractor  
  17  1:02  Drone  
  17  1:03  Hatchery  
  17  1:21  Drone  
  17  1:22  Drone  
  19  1:42  Drone x2  
  19  1:46  Spawning Pool  
  20  1:58  Drone  
  20  2:01  Drone  
  22  2:16  Drone x2  
  22  2:22  Drone  
  25  2:26  Overlord  
  25  2:38  Zergling x4  
  25  2:44  Queen  
  27  2:47  Queen  
  27  2:50  Zergling x2  
  33  2:51  Zergling x2  
  33  2:55  Overlord  
  33  3:00  Drone  
  34  3:09  Drone  
  34  3:11  Drone  
  36  3:13  Metabolic Boost  
  36  3:27  Queen  
  36  3:30  Lair  
  38  3:40  Evolution Chamber  
  37  3:47  Roach Warren  
  36  4:03  Queen  
  37  4:25  Hatchery  
  37  4:26  Drone  
  37  4:27  Drone x2  
  37  4:28  Drone  
  37  4:29  Drone x2  
  42  4:34  Extractor  
  41  4:40  Drone x2  
  41  4:44  Overlord x4  
  43  4:46  Extractor  
  43  4:49  Extractor, Zerg Ground Armor Level 1  
  41  5:10  Drone  
  41  5:11  Drone x2  
  41  5:12  Drone x2  
  41  5:13  Drone  
  47  5:16  Overlord  
  47  5:28  Spore Crawler  
  46  5:32  Spore Crawler  
  45  5:54  Drone x3  
  48  6:07  Hatchery  
  46  6:30  Spire  
  46  6:32  Drone  
  46  6:33  Drone x11  
  46  6:39  Zergling x2  
  58  6:40  Zergling x10  
  62  7:25  Spore Crawler  
  51  7:39  Spore Crawler  
  49  7:44  Mutalisk x6  
  49  7:45  Mutalisk x7  
  75  7:52  Queen x2  
  78  8:06  Zerg Ground Armor Level 2  
  78  8:16  Drone  
  78  8:17  Drone x14  
  89  9:07  Zerg Flyer Armor Level 1  
  89  9:14  Mutalisk x3  
  91  9:52  Corruptor  
  89  9:53  Corruptor x2  
  89  9:59  Overlord x3  
  95  10:00  Overlord x5  
  95  10:01  Overlord x5  
  95  10:10  Infestation Pit  
  94  10:18  Extractor  
  94  10:21  Extractor  
  83  10:23  Spore Crawler  
  83  10:24  Spore Crawler  
  83  10:26  Hatchery  
  78  10:44  Zergling x2  
  78  10:45  Zergling x48  
  78  10:46  Zergling x6  
  105  11:49  Zergling x2  
  105  11:50  Zergling x34  
  105  11:51  Zergling x12  
  83  12:35  Mutalisk x12  
  83  13:21  Zergling x12  
  83  13:22  Zergling x12  
  83  13:26  Hatchery  
Show
View Real Time Build Order
Export as new Build Order

pupu Protoss 

Build Orders: 1 Gate Expand 

Get SALT Encoding   

  12  0:01  Probe (Chrono Boost)  
  13  0:11  Probe (Chrono Boost)  
  14  0:18  Pylon  
  14  0:23  Probe (Chrono Boost)  
  15  0:36  Gateway  
  15  0:39  Probe (Chrono Boost)  
  16  0:46  Assimilator  
  16  0:49  Probe (Chrono Boost)  
  17  1:00  Probe (Chrono Boost)  
  18  1:11  Probe (Chrono Boost)  
  19  1:21  Probe (Chrono Boost)  
  20  1:32  Probe (Chrono Boost)  
  21  1:35  Cybernetics Core  
  21  1:42  Nexus  
  21  1:44  Probe (Chrono Boost)  
  22  2:00  Pylon  
  22  2:07  Probe (Chrono Boost)  
  22  2:08  Assimilator  
  23  2:15  Warp Gate (Chrono Boost)  
  23  2:20  Adept  
  25  2:28  Gateway x2  
  25  2:30  Probe  
  26  2:43  Probe  
  27  2:53  Probe, Adept  
  27  2:54  Pylon  
  27  2:56  Probe  
  31  3:02  Pylon  
  31  3:04  Probe  
  31  3:11  Pylon  
  32  3:17  Forge  
  32  3:21  Pylon  
  32  3:22  Probe x2  
  34  3:29  Sentry  
  34  3:31  Sentry  
  34  3:33  Probe  
  38  3:34  Probe  
  40  3:44  Probe, Pylon  
  40  3:46  Probe  
  42  3:49  Stargate  
  42  3:54  Probe  
  42  3:57  Assimilator  
  42  3:58  Probe  
  44  4:18  Probe  
  44  4:19  Probe, Photon Cannon  
  44  4:22  Photon Cannon  
  44  4:23  Adept x2  
  50  4:26  Photon Cannon, Sentry  
  52  4:32  Oracle (Chrono Boost)  
  55  4:42  Protoss Air Weapons Level 1  
  55  4:44  Probe  
  55  4:45  Probe  
  57  4:50  Assimilator  
  57  4:55  Protoss Ground Weapons Level 1 (Chrono Boost)  
  57  5:05  Zealot x3  
  63  5:08  Oracle  
  66  5:18  Probe x2  
  68  5:27  Gateway  
  68  5:29  Gateway x2  
  68  5:35  Stalker x2  
  68  5:36  Stalker  
  74  5:51  Void Ray  
  77  6:16  Adept  
  77  6:17  Adept x2  
  83  6:30  Adept  
  85  6:44  Pylon  
  85  6:47  Photon Cannon  
  85  6:49  Photon Cannon  
  85  6:56  Void Ray  
  89  7:15  Pylon  
  89  7:16  Pylon  
  89  7:31  Probe x2  
  91  8:03  Probe x2  
  93  8:06  Adept x2  
  93  8:07  Adept x4  
  105  8:13  Nexus  
  105  8:16  Pylon  
  105  8:18  Pylon  
  105  8:20  Pylon  
  105  8:21  Void Ray  
  105  8:22  Pylon  
  105  8:24  Pylon  
  106  8:35  Stalker x3  
  106  8:36  Stalker x3  
  118  9:17  Pylon  
  118  9:19  Pylon  
  114  9:26  Pylon  
  114  9:28  Pylon  
  110  9:38  Void Ray  
  106  9:40  Stalker x3  
  106  9:41  Stalker x3  
  115  10:29  Stalker x5  
  125  10:38  Pylon  
  125  10:41  Pylon  
  125  10:42  Pylon  
  125  10:45  Pylon  
  125  10:47  Pylon  
  125  10:52  Pylon  
  125  10:54  Pylon  
  125  10:56  Pylon  
  125  11:02  Photon Cannon  
  125  11:03  Photon Cannon  
  125  11:06  Photon Cannon  
  125  11:07  Photon Cannon  
  125  11:09  Photon Cannon  
  125  11:12  Photon Cannon  
  125  11:16  Photon Cannon  
  125  11:18  Photon Cannon  
  125  11:20  Nexus  
  125  11:24  Pylon  
  125  11:25  Pylon  
  125  11:27  Pylon  
  125  11:29  Pylon  
  125  11:30  Pylon  
  125  11:32  Pylon  
  125  11:33  Pylon  
  125  11:36  Assimilator  
  125  11:42  Assimilator  
  103  12:16  Stalker x6  
  102  12:40  Stalker x3  
  48  13:59  Stalker x2  
  50  14:23  Zealot  
Tags
 
Add a new tag
Caveats
  • Supply blocks, unpowered buildings, or Contaminate may cause inaccurate times.
  • Supply counts are checked every 10 seconds.